 Dungeon Crawl Stone Soup version 0.24.0-37-gcf1ca852f1 (webtiles) character file.

Game seed: 7930751747664293719, levelgen mode: deterministic

65 FishyPogo the Conjurer (level 4, 0/32 HPs)
             Began as a Gnoll Conjurer on Dec 6, 2019.
             Was an Initiate of Okawaru.
             Killed from afar by Ijyb (6 damage)
             ... with a puff of flame
             ... on level 3 of the Dungeon.
             The game lasted 00:04:31 (1782 turns).

FishyPogo the Conjurer (Gnoll Conjurer)             Turns: 1782, Time: 00:04:31

Health: 0/32       AC:  2    Str: 10    XL:     4   Next: 14%
Magic:  2/11       EV: 15    Int: 19    God:    Okawaru [......]
Gold:   106        SH:  0    Dex: 15    Spells: 7/13 levels left

rFire    . . .     SeeInvis .   m - +1 dagger (holy)
rCold    . . .     Gourm    .   (no shield)
rNeg     . . .     Faith    .   a - +0 robe
rPois    +         Spirit   .   (no helmet)
rElec    .         Reflect  .   (no cloak)
rCorr    .         Harm     .   (no gloves)
MR       .....                  (no boots)
Stlth    +++.......             (no amulet)
HPRegen  0.10/turn              h - ring of poison resistance
MPRegen  0.12/turn              (no ring)

@: hasted, very quick
A: distributed training, fangs 1, strong nose
a: Renounce Religion


You were on level 3 of the Dungeon.
You worshipped Okawaru.
Okawaru was noncommittal.
You were hungry.

You visited 1 branch of the dungeon, and saw 3 of its levels.

You collected 106 gold pieces.

Inventory:

Hand Weapons
 f - a +1 dagger of venom
 m - a +1 dagger of holy wrath (weapon)
Missiles
 b - 76 stones (quivered)
Armour
 a - a +0 robe (worn)
Jewellery
 h - a ring of poison resistance (left hand)
Scrolls
 e - 2 scrolls of fear {unknown}
 g - a scroll of noise {unknown}
 l - a scroll of identify {unknown}
 n - 3 scrolls of enchant armour {unknown}
 o - 3 scrolls of remove curse {unknown}
 q - 2 scrolls of magic mapping {unknown}
 r - a scroll of blinking {unknown}
Potions
 d - a potion of magic {unknown}
 k - a potion of brilliance {unknown}
 p - a potion of mutation {unknown}
Comestibles
 c - 2 rations
 i - 9 chunks of flesh


   Skills:
 + Level 1.0 Fighting
 + Level 1.0 Short Blades
 + Level 1.0 Long Blades
 + Level 1.0 Axes
 + Level 1.0 Maces & Flails
 + Level 1.0 Polearms
 + Level 1.0 Staves
 + Level 1.0 Slings
 + Level 1.0 Bows
 + Level 1.0 Crossbows
 + Level 1.0 Throwing
 + Level 1.0 Armour
 + Level 4.6 Dodging
 + Level 4.2 Stealth
 + Level 1.0 Shields
 + Level 1.0 Unarmed Combat
 + Level 5.0 Spellcasting
 + Level 7.1 Conjurations
 + Level 0.7 Hexes
 + Level 0.7 Charms
 + Level 0.7 Summonings
 + Level 0.7 Necromancy
 + Level 0.7 Translocations
 + Level 0.7 Transmutations
 + Level 0.7 Fire Magic
 + Level 0.7 Ice Magic
 + Level 0.7 Air Magic
 + Level 0.7 Earth Magic
 + Level 0.7 Poison Magic
 + Level 1.1 Invocations
 + Level 1.0 Evocations


You had 7 spell levels left.
You knew the following spells:

 Your Spells              Type           Power        Failure   Level  Hunger
a - Magic Dart            Conj           ####         1%          1    None
b - Searing Ray           Conj           ####..       1%          2    #......
c - Dazzling Spray        Conj/Hex       ###...       8%          3    ##.....

Your spell library contained the following spells:

 Spells                   Type           Power        Failure   Level  Hunger
 Iskenderun's Mystic Bla  Conj           ####....     7%          4    ####...
 Force Lance              Conj/Tloc      ###.....     24%         4    ####...
 Fulminant Prism          Conj/Hex       ###.......   24%         4    ####...


Dungeon Overview and Level Annotations

Branches:
Dungeon (3/15)

Altars:
Fedhas
Okawaru

Annotations:
D:3 exclusion: oklob plant, Ijyb


Innate Abilities, Weirdness & Mutations

Your experience applies equally to all skills.
You have very sharp teeth.
Your uncanny sense of smell can sniff out nearby items.


Message History

Ijyb barely misses you.
You hit Ijyb but do no damage. You bite Ijyb, but do no damage.
Ijyb hits you with a +0 club.
You barely miss Ijyb. Ijyb hits you with a +0 club.
You completely miss Ijyb. You barely miss Ijyb. Ijyb misses you.
You hit Ijyb but do no damage. Ijyb misses you.
You hit Ijyb but do no damage. Ijyb hits you with a +0 club.
* * * LOW HITPOINT WARNING * * *
Casting: Dazzling Spray (safe; 8% risk of failure)
Confirm with . or Enter, or press ? or * to list all spells.
You don't have enough magic to cast that spell.
You closely miss Ijyb. Ijyb hits you with a +0 club.
* * * LOW HITPOINT WARNING * * *
Casting: Dazzling Spray (safe; 8% risk of failure)
Confirm with . or Enter, or press ? or * to list all spells.
You don't have enough magic to cast that spell.
It was a potion of haste.
You feel yourself speed up.
Ijyb zaps a wand.
The puff of flame hits you.
You die...

### #.. #.# #.#
#######.######
.............#
.............#
######.####@# #.#
#..g...... #.#
#..#######
##.###..## #
#......... #.
#..###..##
#.#####..# #..#
#........###..#
###.>.........(.#


You could see Ijyb.

Vanquished Creatures
  An ooze (D:2)
  4 worms (D:2)
  4 dart slugs
  8 goblins
  4 hobgoblins
  2 jackals (D:3)
  6 kobolds
  4 bats
  5 frilled lizards
  3 rats
41 creatures vanquished.

Notes
Turn   | Place    | Note
-------+----------+-------------------------------------------
     0 | D:1      | FishyPogo the Gnoll Conjurer began the quest for the Orb.
     0 | D:1      | Reached XP level 1. HP: 13/13 MP: 6/6
    77 | D:1      | Reached XP level 2. HP: 19/19 MP: 1/7
   743 | D:2      | Reached XP level 3. HP: 25/25 MP: 6/9
   747 | D:2      | Learned a level 2 spell: Searing Ray
   751 | D:2      | Learned a level 3 spell: Dazzling Spray
   758 | D:2      | Reached skill level 5 in Spellcasting
  1038 | D:2      | Reached skill level 1 in Invocations
  1186 | D:2      | Reached skill level 1 in Fighting
  1186 | D:2      | Reached skill level 1 in Short Blades
  1186 | D:2      | Reached skill level 1 in Long Blades
  1186 | D:2      | Reached skill level 1 in Axes
  1186 | D:2      | Reached skill level 1 in Maces & Flails
  1186 | D:2      | Reached skill level 1 in Polearms
  1186 | D:2      | Reached skill level 1 in Staves
  1186 | D:2      | Reached skill level 1 in Slings
  1186 | D:2      | Reached skill level 1 in Bows
  1186 | D:2      | Reached skill level 1 in Crossbows
  1186 | D:2      | Reached skill level 1 in Throwing
  1186 | D:2      | Reached skill level 1 in Armour
  1186 | D:2      | Reached skill level 1 in Shields
  1186 | D:2      | Reached skill level 1 in Unarmed Combat
  1186 | D:2      | Reached skill level 1 in Evocations
  1188 | D:2      | Found an iron altar of Okawaru.
  1196 | D:2      | Reached XP level 4. HP: 21/32 MP: 2/11
  1201 | D:2      | Became a worshipper of Warmaster Okawaru
  1661 | D:3      | Found a blossoming altar of Fedhas.
  1681 | D:3      | Noticed an oklob plant
  1746 | D:3      | Noticed Ijyb
  1782 | D:3      | Killed from afar by Ijyb

Levels and vault maps discovered:
D:1:      lemuel_arrival_broad_hall, layout_basic
D:2:      layout_basic, kennysheep_okawaru_gauntlet, first_ration
D:3:      layout_loops_ring, tgw_fedhas, uniq_ijyb

Skill      XL: |  1  2  3 |
---------------+----------+-----
Spellcasting   | 5 |  5.0
Invocations    | 1 |  1.1
Fighting       | 1 |  1.0
Short Blades   | 1 |  1.0
Long Blades    | 1 |  1.0
Axes           | 1 |  1.0
Maces & Flails | 1 |  1.0
Polearms       | 1 |  1.0
Staves         | 1 |  1.0
Slings         | 1 |  1.0
Bows           | 1 |  1.0
Crossbows      | 1 |  1.0
Throwing       | 1 |  1.0
Armour         | 1 |  1.0
Shields        | 1 |  1.0
Unarmed Combat | 1 |  1.0
Evocations     | 1 |  1.0
Dodging        | |  4.6
Stealth        | |  4.2
Conjurations   | |  7.1
Hexes          | |  0.7
Charms         | |  0.7
Summonings     | |  0.7
Necromancy     | |  0.7
Translocations | |  0.7
Transmutations | |  0.7
Fire Magic     | |  0.7
Ice Magic      | |  0.7
Air Magic      | |  0.7
Earth Magic    | |  0.7
Poison Magic   | |  0.7

Action                   |  1- 3 |  4- 6 || total
-------------------------+-------+-------++-------
Melee: Dagger            |     6 |    30 ||    36
       Bite              |       |     2 ||     2
 Cast: Magic Dart        |    57 |     1 ||    58
       Searing Ray       |     3 |     1 ||     4
       Dazzling Spray    |       |     2 ||     2
  Use: Potion            |       |     1 ||     1
 Stab: Sleeping          |       |     2 ||     2
  Eat: Chunk             |     1 |     1 ||     2
Armor: Robe              |       |     2 ||     2
Dodge: Dodged            |     3 |    18 ||    21
